 Dungeon Crawl Stone Soup version 0.29.1-15-g9cfb28693d (webtiles) character file.

Game seed: 4311926266137183461

177 promet the Magician (level 5, -4/28 HPs)
             Began as a Deep Elf Hedge Wizard on Apr 6, 2023.
             Killed from afar by Dowan (15 damage)
             ... with a bolt of light
             ... on level 4 of the Dungeon.
             The game lasted 00:23:04 (4916 turns).

promet the Magician (Deep Elf Hedge Wizard)         Turns: 4916, Time: 00:23:05

Health: -4/28      AC:  6    Str:  7    XL:     5   Next: 30%
Magic:  15/24      EV: 12    Int: 21    God:
Gold:   123        SH:  0    Dex: 14    Spells: 9/16 levels left

rFire   . . .      SeeInvis .   a - +2 dagger (venom)
rCold   . . .      Faith    .   (no shield)
rNeg    . . .      Spirit   .   q - +0 leather armour
rPois   .          Reflect  .   c - +0 hat
rElec   .          Harm     .   f - +2 cloak
rCorr   .          Rampage  .   (no gloves)
Will    +....                   (no boots)
Stlth   +.........              (no amulet)
HPRegen 0.09/turn               g - ring of magical power
MPRegen 0.19/turn               h - ring of willpower

@: confused, on blink cooldown
A: no striking features
a: no special abilities


You were on level 4 of the Dungeon.
You visited 1 branch of the dungeon, and saw 4 of its levels.

You collected 123 gold pieces.

Inventory:

Hand Weapons
 a - a +2 dagger of venom (weapon)
 b - a +0 sling
Missiles
 i - 18 stones
 m - 4 boomerangs of dispersal
 n - 6 poisoned darts
Armour
 c - a +0 hat (worn)
 f - a +2 cloak (worn)
 q - a +0 leather armour (worn)
Jewellery
 g - a ring of magical power (left hand)
 h - a ring of willpower (right hand)
Wands
 l - a wand of mindburst (5)
Scrolls
 p - a scroll of teleportation
 r - a scroll of identify
Potions
 d - 4 potions of magic
 e - a potion of resistance {unknown}
 j - a potion of ambrosia
 k - 2 potions of berserk rage {unknown}
 o - a potion of brilliance {unknown}
 s - a potion of lignification {unknown}


   Skills:
 + Level 0.8 Fighting
 + Level 0.1 Short Blades
 + Level 0.7 Ranged Weapons
 + Level 3.0 Dodging
 + Level 3.4 Stealth
 + Level 6.1 Spellcasting
 + Level 2.8 Conjurations
 + Level 1.4 Summonings
 + Level 1.2 Translocations


You had 9 spell levels left.
You knew the following spells:

 Your Spells              Type           Power      Damage    Failure   Level
a - Magic Dart            Conj           72%        1d6       4%          1
b - Slow                  Hex            24%        N/A       14%         1
c - Blink                 Tloc           22%        N/A       13%         2
d - Call Imp              Summ           12%        N/A       12%         2
e - Summon Small Mammal   Summ           48%        N/A       9%          1

Your spell library contained the following spells:

 Spells                   Type           Power      Damage    Failure   Level
 Call Canine Familiar     Summ           12%        N/A       24%         3
 Conjure Flame            Conj/Fire      12%        6-21      24%         3
 Mephitic Cloud           Conj/Pois/Air  10%        N/A       30%         3
 Summon Guardian Golem    Hex/Summ       9%         N/A       32%         3


Dungeon Overview and Level Annotations

Branches:
Dungeon (4/15)
 Temple: D:4-7

Altars:

Shops:
D:3 =

Annotations:
D:4 Dowan, Duvessa


Message History

The adder hisses angrily.
Your bat barely misses Duvessa.
Your bat hits Duvessa but does no damage.
Your quokka closely misses the adder.
Your shadow imp closely misses Duvessa.
Duvessa hits your bat with a +0 rapier!
Your bat dies!
Your bat's corpse disappears in a puff of smoke!
You hit the adder.
The adder is lightly wounded.
You feel stable enough to blink again. The adder closely misses you.
Your quokka misses the adder. The adder closely misses you.
Dowan gestures at Duvessa while chanting.
Duvessa seems to speed up.
Your shadow imp hits Duvessa but does no damage.
You hit the adder.
The adder is poisoned.
The adder is heavily wounded.
Your quokka completely misses the adder.
The adder barely misses you.
Casting: Summon Small Mammal (safe; 9% risk of failure)
Confirm with . or Enter, or press ? or * to list all spells.
You blink.
Duvessa zaps a wand.
The puff of flame hits you!
Your quokka barely misses the adder.
Casting: Blink (safe; 13% risk of failure)
Confirm with . or Enter, or press ? or * to list all spells.
You are still too unstable to blink.
Duvessa zaps a wand.
The puff of flame hits your shadow imp! Dowan barely misses you.
Your shadow imp misses Duvessa.
Duvessa zaps a wand.
The puff of flame hits your shadow imp!
Your shadow imp dies!
Your shadow imp disappears in a puff of smoke!
Casting: Blink (safe; 13% risk of failure)
Confirm with . or Enter, or press ? or * to list all spells.
A beastly little devil appears in a puff of flame.
You kill the adder!
A hound comes into view.
Dowan zaps a wand.
The bolt of light hits you!
You are confused.
Ouch! That really hurt!
You die...

#.#######....
#.........#
#.^.......#
#.........#
#...r.....#
###.e.....##
.>+.......#
#.#!......#
#.#e@.....#
#!####...5#+####
#.h...<.....#
#.##.......##
#....##.# #....#
.# #....# +#
#....# #....#


You could see Duvessa (fast, ally target), Dowan (ally target), a hound, a
friendly crimson imp (summoned) and a friendly quokka (summoned).

Vanquished Creatures
  An orc priest (D:3)
  3 adders
  5 bats
  3 endoplasms
  3 giant cockroaches
  3 goblins
  6 hobgoblins
  2 quokkas (D:1)
  5 ball pythons
  4 frilled lizards
  5 kobolds
  4 rats
44 creatures vanquished.

Vanquished Creatures (collateral kills)
  An orc priest (D:3)
  3 gnolls (D:2)
  2 worms
  3 orcs (D:3)
  A bat (D:1)
  2 goblins
  2 hobgoblins (D:2)
  3 jackals (D:3)
  2 frilled lizards
  2 kobolds (D:2)
21 creatures vanquished.

Grand Total: 65 creatures vanquished

Notes
Turn   | Place    | Note
-------+----------+-------------------------------------------
     0 | D:1      | promet the Deep Elf Hedge Wizard began the quest for the
                  | Orb.
     0 | D:1      | Reached XP level 1. HP: 10/10 MP: 7/7
   491 | D:1      | Reached skill level 5 in Spellcasting
   531 | D:1      | Reached XP level 2. HP: 15/15 MP: 6/10
   533 | D:1      | Learned a level 1 spell: Slow
   536 | D:1      | Learned a level 2 spell: Blink
   539 | D:1      | Learned a level 2 spell: Call Imp
  1867 | D:2      | Reached XP level 3. HP: 19/19 MP: 6/11
  1869 | D:2      | Learned a level 1 spell: Summon Small Mammal
  2481 | D:2      | Reached XP level 4. HP: 18/24 MP: 13/13
  3046 | D:2      | Reached skill level 6 in Spellcasting
  3855 | D:3      | Found a faded altar of an unknown god.
  3989 | D:3      | Reached XP level 5. HP: 11/28 MP: 15/15
  4174 | D:3      | Found Liboubla's Jewellery Shop.
  4905 | D:4      | Noticed Duvessa
  4905 | D:4      | Noticed Dowan
  4916 | D:4      | Killed from afar by Dowan

Illustrated notes

Levels and vault maps discovered:
D:1:      roderic_chinese_lattice_arrival, layout_basic
D:2:      layout_basic, wad_floor_pattern_untrapped
D:3:      layout_basic, ebering_ecumenical_altar_rust, serial_shops,
          shop_fountains
D:4:      layout_basic, minmay_shop_enchanted_jewellery, uniq_robin,
          uniq_duvessa

Skill      XL: |  1  2  3  4 |
---------------+-------------+-----
Spellcasting   | 5 6 |  6.1
Stealth        | 3 |  3.4
Dodging        | 3 |  3.0
Conjurations   | 2 |  2.8
Fighting       | |  0.8
Short Blades   | |  0.1
Ranged Weapons | |  0.7
Summonings     | |  1.4
Translocations | |  1.2

Action                   |  1- 3 |  4- 6 || total
-------------------------+-------+-------++-------
Melee: Dagger            |    19 |    13 ||    32
       Short sword       |     4 |       ||     4
 Fire: Sling             |    13 |       ||    13
 Cast: Magic Dart        |    42 |    36 ||    78
       Call Imp          |     6 |    13 ||    19
       Blink             |     4 |     4 ||     8
       Summon Small Mamm |     7 |    12 ||    19
  Use: Scroll            |     5 |     1 ||     6
 Stab: Sleeping          |     2 |     1 ||     3
Armor: Robe              |    19 |     7 ||    26
       Leather armour    |       |     1 ||     1
Dodge: Dodged            |    27 |    15 ||    42
